| TOP OF THE 1ST |
|
Reno Aces batting - Pitching for New Orleans Zephyrs : RHP Nick Newmaster
|
|
Pitching: RHP Nick Newmaster
|
|
|
Batting: SHB Carlos Rodriguez
|
0-0: Foul Ball, location: 2F 0-1: Foul Ball, location: 2F 0-2: Ball 1-2: Fly out, F8 (Flyball, 8RM, EV 98.1 MPH)
|
|
Batting: LHB Jeff Densmore
|
0-0: Called Strike 0-1: Ball 1-1: Ball 2-1: Ball 3-1: Foul Ball, location: 2F 3-2: Strikes out swinging
|
|
Batting: LHB Kyle Beaulieu
|
0-0: Foul Ball, location: 2F 0-1: Ball 1-1: SINGLE (Line Drive, 34D, EV 109.4 MPH)
|
|
Batting: SHB Gerardo Flores
|
0-0: Called Strike 0-1: 2-RUN HOME RUN (Flyball, 9D, EV 93.8 MPH), Distance : 353 ft
|
|
Batting: LHB Steve Reinhart
|
0-0: Called Strike 0-1: Swinging Strike 0-2: Ball 1-2: Ball 2-2: Foul Ball, location: 2F 2-2: Ball 3-2: Foul Ball, location: 2F 3-2: Strikes out looking
|
| Top of the 1st over - 2 runs, 2 hits, 0 errors, 0 left on base; Reno 2 - New Orleans 0 |
| BOTTOM OF THE 1ST |
|
New Orleans Zephyrs batting - Pitching for Reno Aces : RHP Marcos Tejeda
|
|
Pitching: RHP Marcos Tejeda
|
|
|
Batting: LHB David Doge
|
0-0: Fly out, F7 (Flyball, 7, EV 80.0 MPH)
|
|
Batting: LHB Eric Bailey
|
0-0: Ball 1-0: Ground out 6-3 (Groundball, 6, EV 90.6 MPH)
|
|
Batting: RHB Manuel Taveras
|
0-0: Ball 1-0: Foul Ball, location: 2F 1-1: Called Strike 1-2: Ground out U3 (Groundball, 3, EV 101.9 MPH)
|
| Bottom of the 1st over - 0 runs, 0 hits, 0 errors, 0 left on base; Reno 2 - New Orleans 0 |
| TOP OF THE 2ND |
|
Reno Aces batting - Pitching for New Orleans Zephyrs : RHP Nick Newmaster
|
|
Batting: RHB Marlon Reda
|
0-0: Called Strike 0-1: Ball 1-1: Ground out 1-3 (Groundball, 13S, EV 73.8 MPH)
|
|
Batting: RHB Cesar Chavez
|
0-0: Ball 1-0: Ball 2-0: Foul Ball, location: 2F 2-1: Ball 3-1: Swinging Strike 3-2: Foul Ball, location: 2F 3-2: Strikes out swinging
|
|
Batting: RHB Roberto Rodriguez
|
0-0: Ball 1-0: Swinging Strike 1-1: Ball 2-1: Ball 3-1: Ground out 6-3 (Groundball, 6, EV 88.8 MPH)
|
| Top of the 2nd over - 0 runs, 0 hits, 0 errors, 0 left on base; Reno 2 - New Orleans 0 |
| BOTTOM OF THE 2ND |
|
New Orleans Zephyrs batting - Pitching for Reno Aces : RHP Marcos Tejeda
|
|
Batting: RHB Adam McGurn
|
0-0: Called Strike 0-1: Ball 1-1: Foul Ball, location: 2F 1-2: Ball 2-2: Foul Ball, location: 2F 2-2: Ball 3-2: Strikes out swinging
|
|
Batting: RHB Rick Fell
|
0-0: Reached on error, E6 (Groundball, 6, EV 104.4 MPH)
|
|
Batting: RHB Isaiah Brockman
|
0-0: Called Strike 0-1: Swinging Strike 0-2: Strikes out looking
|
|
Batting: RHB Orlando Landa
|
0-0: Ball 1-0: Ball 2-0: Called Strike 2-1: Ball 3-1: Foul Ball, location: 2F 3-2: Base on Balls
|
|
Batting: RHB Torquato Obawole
|
0-0: Called Strike 0-1: Ball 1-1: Foul Ball, location: 2F 1-2: Ball 2-2: Ball 3-2: Strikes out swinging
|
| Bottom of the 2nd over - 0 runs, 0 hits, 1 error, 2 left on base; Reno 2 - New Orleans 0 |
| TOP OF THE 3RD |
|
Reno Aces batting - Pitching for New Orleans Zephyrs : RHP Nick Newmaster
|
|
Batting: RHB Danny Gerardo
|
0-0: Ball 1-0: Ball 2-0: Ball 3-0: Base on Balls
|
|
Batting: SHB Carlos Rodriguez
|
0-0: Ball 1-0: Called Strike 1-1: Ball 2-1: Called Strike Danny Gerardo steals 2nd base (no throw) 2-2: Foul Ball, location: 2F 2-2: Ball 3-2: Foul Ball, location: 2F 3-2: Foul Ball, location: 2F 3-2: Fly out, F7 (Flyball, 78D, EV 98.8 MPH) Runner from 2nd tags up, SAFE at 3rd with throw by LF
|
|
Batting: LHB Jeff Densmore
|
0-0: Fly out, F8 (Flyball, 8LM, EV 88.1 MPH) Runner from 3rd tags up, SCORES, no throw by CF
|
|
Batting: LHB Kyle Beaulieu
|
0-0: Ball 1-0: Ball 2-0: Called Strike 2-1: SINGLE (Line Drive, 56D, EV 98.1 MPH)
|
|
Batting: SHB Gerardo Flores
|
0-0: Fielders Choice at 2nd, U6 (Groundball, 6M, EV 108.1 MPH)
|
| Top of the 3rd over - 1 run, 1 hit, 0 errors, 1 left on base; Reno 3 - New Orleans 0 |
| BOTTOM OF THE 3RD |
|
New Orleans Zephyrs batting - Pitching for Reno Aces : RHP Marcos Tejeda
|
|
Batting: RHB Masumitsu Sugiura
|
0-0: Foul Ball, location: 2F 0-1: Swinging Strike 0-2: Ball 1-2: Strikes out swinging
|
|
Batting: LHB David Doge
|
0-0: Ball 1-0: Ball 2-0: Ball 3-0: Called Strike 3-1: Called Strike 3-2: Foul Ball, location: 2F 3-2: Foul Ball, location: 2F 3-2: Foul Ball, location: 2F 3-2: Base on Balls
|
|
Batting: LHB Eric Bailey
|
0-0: Called Strike 0-1: Ball 1-1: Ball David Doge steals 2nd base (no throw) 2-1: Foul Ball, location: 2F 2-2: Fly out, F8 (Flyball, 8LM, EV 83.1 MPH)
|
|
Batting: RHB Manuel Taveras
|
0-0: Foul Ball, location: 2F 0-1: Called Strike 0-2: Strikes out looking
|
| Bottom of the 3rd over - 0 runs, 0 hits, 0 errors, 1 left on base; Reno 3 - New Orleans 0 |
| TOP OF THE 4TH |
|
Reno Aces batting - Pitching for New Orleans Zephyrs : RHP Nick Newmaster
|
|
Batting: LHB Steve Reinhart
|
0-0: Ball 1-0: Ball 2-0: Ball 3-0: Called Strike 3-1: Fly out, F7 (Flyball, 7, EV 85.0 MPH)
|
|
Batting: RHB Marlon Reda
|
0-0: Ball 1-0: Ball 2-0: Ball 3-0: Fly out, F8 (Line Drive, 8LD, EV 92.5 MPH)
|
|
Batting: RHB Cesar Chavez
|
0-0: Called Strike 0-1: Foul Ball, location: 2F 0-2: Ball 1-2: Ball 2-2: Strikes out swinging
|
| Top of the 4th over - 0 runs, 0 hits, 0 errors, 0 left on base; Reno 3 - New Orleans 0 |
| BOTTOM OF THE 4TH |
|
New Orleans Zephyrs batting - Pitching for Reno Aces : RHP Marcos Tejeda
|
|
Batting: RHB Adam McGurn
|
0-0: Swinging Strike 0-1: Foul Ball, location: 2F 0-2: Strikes out swinging
|
|
Batting: RHB Rick Fell
|
0-0: Ball 1-0: Called Strike 1-1: Ground out U3 (Groundball, 34S, EV 83.8 MPH)
|
|
Batting: RHB Isaiah Brockman
|
0-0: Foul Ball, location: 2F 0-1: SINGLE (Line Drive, 56, EV 100.0 MPH)
|
|
Batting: RHB Orlando Landa
|
0-0: Called Strike 0-1: Called Strike 0-2: SINGLE (Line Drive, 9S, EV 111.2 MPH) Isaiah Brockman to second
|
|
Batting: RHB Torquato Obawole
|
0-0: Called Strike 0-1: Called Strike 0-2: Ground out 3-1 (Groundball, 34, EV 85.0 MPH)
|
| Bottom of the 4th over - 0 runs, 2 hits, 0 errors, 2 left on base; Reno 3 - New Orleans 0 |
| TOP OF THE 5TH |
|
Reno Aces batting - Pitching for New Orleans Zephyrs : RHP Nick Newmaster
|
|
Batting: RHB Roberto Rodriguez
|
0-0: Ball 1-0: Ball 2-0: Called Strike 2-1: Ground out 4-3 (Groundball, 4, EV 80.0 MPH)
|
|
Batting: RHB Danny Gerardo
|
0-0: Called Strike 0-1: Ball 1-1: Ball 2-1: SINGLE (Line Drive, 6M, EV 98.1 MPH)
|
|
Batting: SHB Carlos Rodriguez
|
0-0: SINGLE (Flyball, 78S, EV 90.0 MPH) Danny Gerardo to second
|
|
Batting: LHB Jeff Densmore
|
0-0: Foul Ball, location: 2F 0-1: Foul Ball, location: 2F 0-2: Foul Ball, location: 2F 0-2: Strikes out swinging
|
|
Batting: LHB Kyle Beaulieu
|
0-0: Ball 1-0: Swinging Strike 1-1: Foul Ball, location: 2F 1-2: Foul Ball, location: 2F 1-2: Ball 2-2: Strikes out swinging
|
| Top of the 5th over - 0 runs, 2 hits, 0 errors, 2 left on base; Reno 3 - New Orleans 0 |
| BOTTOM OF THE 5TH |
|
New Orleans Zephyrs batting - Pitching for Reno Aces : RHP Marcos Tejeda
|
|
Batting: RHB Masumitsu Sugiura
|
0-0: Ball 1-0: Ball 2-0: Ground out 6-3 (Groundball, 6, EV 99.4 MPH)
|
|
Batting: LHB David Doge
|
0-0: Ball 1-0: Ball 2-0: Called Strike 2-1: Foul Ball, location: 2F 2-2: Strikes out looking
|
|
Batting: LHB Eric Bailey
|
0-0: Ball 1-0: Ball 2-0: Ball 3-0: Base on Balls
|
|
Batting: RHB Manuel Taveras
|
0-0: Called Strike 0-1: Called Strike Eric Bailey steals 2nd base 0-2: Ball 1-2: SINGLE (Groundball, 56, EV 106.9 MPH) (infield hit) Eric Bailey to third
|
|
Batting: RHB Adam McGurn
|
0-0: Ball 1-0: Ball 2-0: Ball 3-0: Base on Balls Manuel Taveras to second
|
|
Batting: RHB Rick Fell
|
0-0: Called Strike 0-1: Foul Ball, location: 2F 0-2: Strikes out swinging
|
| Bottom of the 5th over - 0 runs, 1 hit, 0 errors, 3 left on base; Reno 3 - New Orleans 0 |
| TOP OF THE 6TH |
|
Reno Aces batting - Pitching for New Orleans Zephyrs : RHP Nick Newmaster
|
|
Batting: SHB Gerardo Flores
|
0-0: Called Strike 0-1: SINGLE (Groundball, 34D, EV 95.6 MPH)
|
|
Batting: LHB Steve Reinhart
|
0-0: Fly out, F7 (Flyball, 78M, EV 90.0 MPH)
|
|
Batting: RHB Marlon Reda
|
0-0: Ball 1-0: Ball 2-0: Swinging Strike 2-1: Ball 3-1: Called Strike 3-2: Foul Ball, location: 2F 3-2: Base on Balls Gerardo Flores to second
|
|
Pitching: RHP Jeremy Akande
|
|
|
Batting: RHB Cesar Chavez
|
0-0: Ball 1-0: Ball 2-0: SINGLE (Line Drive, 6D, EV 95.0 MPH) Gerardo Flores to third Marlon Reda to second
|
|
Batting: RHB Roberto Rodriguez
|
0-0: Called Strike 0-1: Ball 1-1: Ball 2-1: Swinging Strike 2-2: Strikes out swinging
|
|
Batting: RHB Danny Gerardo
|
0-0: Ball 1-0: Ball 2-0: Ball 3-0: Called Strike 3-1: Base on Balls Gerardo Flores scores Marlon Reda to third Cesar Chavez to second
|
|
Batting: SHB Carlos Rodriguez
|
0-0: Ball 1-0: Called Strike 1-1: Ball 2-1: Foul Ball, location: 2F 2-2: Strikes out swinging
|
| Top of the 6th over - 1 run, 2 hits, 0 errors, 3 left on base; Reno 4 - New Orleans 0 |
| BOTTOM OF THE 6TH |
|
New Orleans Zephyrs batting - Pitching for Reno Aces : RHP Marcos Tejeda
|
|
Pitching: LHP Tristan Morrow
|
|
|
Batting: RHB Isaiah Brockman
|
0-0: Ground out 6-3 (Groundball, 6, EV 86.9 MPH)
|
|
Batting: RHB Orlando Landa
|
0-0: Ground out U3 (Groundball, 34, EV 86.9 MPH)
|
|
Batting: RHB Torquato Obawole
|
0-0: Called Strike 0-1: Ball 1-1: Foul Ball, location: 2F 1-2: Ball 2-2: Strikes out swinging, 2-3 out at first.
|
| Bottom of the 6th over - 0 runs, 0 hits, 0 errors, 0 left on base; Reno 4 - New Orleans 0 |
| TOP OF THE 7TH |
|
Reno Aces batting - Pitching for New Orleans Zephyrs : RHP Jeremy Akande
|
|
Batting: LHB Jeff Densmore
|
0-0: Ball 1-0: Ball 2-0: Swinging Strike 2-1: DOUBLE (Groundball, 3L, EV 104.4 MPH)
|
|
Batting: LHB Kyle Beaulieu
|
0-0: Foul Ball, location: 2F 0-1: Ball 1-1: Ground out 4-3 (Groundball, 4, EV 84.4 MPH) Jeff Densmore to third
|
|
Batting: SHB Gerardo Flores
|
0-0: Ball 1-0: Ball 2-0: Ball 3-0: Called Strike 3-1: Called Strike 3-2: Fly out, F6 (Popup, 6S, EV 86.2 MPH)
|
|
Batting: LHB Steve Reinhart
|
0-0: Ball 1-0: Foul Ball, location: 2F 1-1: Ball 2-1: Ball 3-1: Base on Balls
|
|
Batting: RHB Marlon Reda
|
0-0: Ball 1-0: Fly out, F9 (Flyball, 9S, EV 94.4 MPH)
|
| Top of the 7th over - 0 runs, 1 hit, 0 errors, 2 left on base; Reno 4 - New Orleans 0 |
| BOTTOM OF THE 7TH |
|
New Orleans Zephyrs batting - Pitching for Reno Aces : LHP Tristan Morrow
|
|
Batting: RHB Masumitsu Sugiura
|
0-0: Called Strike 0-1: Foul Ball, location: 2F 0-2: Ball 1-2: Ball 2-2: Strikes out swinging
|
|
Batting: LHB David Doge
|
0-0: Ball 1-0: Called Strike 1-1: Ball 2-1: Ball 3-1: Base on Balls
|
|
Batting: LHB Eric Bailey
|
0-0: Ball 1-0: Ball 2-0: Swinging Strike 2-1: Foul Ball, location: 2F 2-2: Ball 3-2: Foul Ball, location: 2F 3-2: Base on Balls David Doge to second
|
|
Batting: RHB Manuel Taveras
|
0-0: Called Strike 0-1: Called Strike 0-2: Fielders Choice at 2nd, 6-4 (Groundball, 6, EV 98.8 MPH) David Doge to third
|
|
Batting: RHB Adam McGurn
|
0-0: Ball 1-0: Called Strike 1-1: Called Strike 1-2: Strikes out swinging
|
| Bottom of the 7th over - 0 runs, 0 hits, 0 errors, 2 left on base; Reno 4 - New Orleans 0 |
| TOP OF THE 8TH |
|
Reno Aces batting - Pitching for New Orleans Zephyrs : RHP Jeremy Akande
|
|
Pitching: RHP Oscar Andrade
|
|
|
Batting: RHB Cesar Chavez
|
0-0: Called Strike 0-1: Fly out, F7 (Flyball, 78M, EV 88.1 MPH)
|
|
Batting: RHB Roberto Rodriguez
|
0-0: Called Strike 0-1: Fly out, F5 (Popup, 5D, EV 70.0 MPH)
|
|
Batting: RHB Danny Gerardo
|
0-0: Called Strike 0-1: Ball 1-1: Ball 2-1: Foul Ball, location: 2F 2-2: Ball 3-2: Base on Balls
|
|
Batting: SHB Carlos Rodriguez
|
0-0: Ball 1-0: Called Strike 1-1: Called Strike 1-2: Foul Ball, location: 2F 1-2: Strikes out swinging
|
| Top of the 8th over - 0 runs, 0 hits, 0 errors, 1 left on base; Reno 4 - New Orleans 0 |
| BOTTOM OF THE 8TH |
|
New Orleans Zephyrs batting - Pitching for Reno Aces : LHP Tristan Morrow
|
|
Pitching: RHP Mike Osgood
|
|
|
Batting: RHB Rick Fell
|
0-0: Ground out 4-3 (Groundball, 4M, EV 101.2 MPH)
|
|
Batting: RHB Isaiah Brockman
|
0-0: Called Strike 0-1: Swinging Strike 0-2: Ball 1-2: Foul Ball, location: 2F 1-2: Foul Ball, location: 2F 1-2: Ball 2-2: Strikes out swinging
|
|
Batting: RHB Orlando Landa
|
0-0: Called Strike 0-1: Foul Ball, location: 2F 0-2: Ball 1-2: Strikes out swinging
|
| Bottom of the 8th over - 0 runs, 0 hits, 0 errors, 0 left on base; Reno 4 - New Orleans 0 |
| TOP OF THE 9TH |
|
Reno Aces batting - Pitching for New Orleans Zephyrs : RHP Oscar Andrade
|
|
Pitching: RHP Giampaolo Nobile
|
|
|
Batting: LHB Jeff Densmore
|
0-0: Ball 1-0: Called Strike 1-1: Ball 2-1: Reached on error, E6 (Groundball, 6, EV 99.4 MPH)
|
|
Batting: LHB Kyle Beaulieu
|
0-0: Ball 1-0: Called Strike Jeff Densmore steals 2nd base 1-1: Reached on error, E4 (Groundball, 4, EV 86.2 MPH) Jeff Densmore scores
|
|
Batting: SHB Gerardo Flores
|
0-0: Called Strike 0-1: Ball 1-1: Foul Ball, location: 2F 1-2: Strikes out swinging
|
|
Batting: LHB Steve Reinhart
|
0-0: Fly out, F7 (Line Drive, 7, EV 108.1 MPH)
|
|
Batting: RHB Marlon Reda
|
0-0: Ball Wild Pitch! Kyle Beaulieu to third 1-0: Ball 2-0: SINGLE (Groundball, 56D, EV 101.2 MPH) Kyle Beaulieu scores
|
|
Batting: RHB Cesar Chavez
|
0-0: Ground out 2-3 (Groundball, 2R, EV 60.0 MPH)
|
| Top of the 9th over - 2 runs, 1 hit, 2 errors, 1 left on base; Reno 6 - New Orleans 0 |
| BOTTOM OF THE 9TH |
|
New Orleans Zephyrs batting - Pitching for Reno Aces : RHP Mike Osgood
|
|
Batting: RHB Torquato Obawole
|
0-0: Ball 1-0: Foul Ball, location: 2F 1-1: Swinging Strike 1-2: Ball 2-2: Foul Ball, location: 2F 2-2: Ball 3-2: Strikes out swinging
|
|
Batting: RHB Masumitsu Sugiura
|
0-0: Ball 1-0: Fly out, F8 (Flyball, 78M, EV 90.0 MPH)
|
|
Batting: LHB David Doge
|
0-0: Called Strike 0-1: Ball 1-1: Foul Ball, location: 2F 1-2: Ball 2-2: Foul Ball, location: 2F 2-2: Strikes out swinging
|
| Bottom of the 9th over - 0 runs, 0 hits, 0 errors, 0 left on base; Reno 6 - New Orleans 0 |
|